 Dungeon Crawl Stone Soup version 0.30.0-19-g36f170ea60 (webtiles) character file.

Game seed: 9584630857897362628

260 Ijustatesigmund the Trooper (level 6, -7/40 HPs)
             Began as a Gargoyle Fighter on May 31, 2023.
             Was an Initiate of Vehumet.
             Mangled by a gnoll bouda
             ... wielding a +0 whip
              (10 damage)
             ... on level 4 of the Dungeon.
             The game lasted 00:03:55 (2912 turns).

Ijustatesigmund the Trooper (Gargoyle Fighter)      Turns: 2912, Time: 00:03:56

Health: -7/40      AC: 11    Str: 20    XL:     6   Next: 17%
Magic:  6/6        EV:  9    Int: 22    God:    Vehumet [......]
Gold:   147        SH: 10    Dex:  9    Spells: 5/5 levels left

rFire   . . .        a - +0 flail (freeze)
rCold   . . .        c - +1 buckler
rNeg    + . .        b - +0 scale mail
rPois   ∞            (no helmet)
rElec   +            (no cloak)
rCorr   .            (no gloves)
SInv    .            (no boots)
Will    .....        o - amulet of reflection Stlth
                     p - +6 ring of intelligence
HPRegen 0.26/turn    r - +6 ring of intelligence
MPRegen 0.10/turn

%: reflection
@: no status effects
A: sickness immunity, AC +4, negative energy resistance 1, electricity
resistance, torment resistance 1, petrification resistance
a: Renounce Religion


You were on level 4 of the Dungeon.
You worshipped Vehumet.
Vehumet was noncommittal.
You visited 2 branches of the dungeon, and saw 5 of its levels.

You collected 147 gold pieces.

Inventory:

Hand Weapons
 a - a +0 flail of freezing (weapon)
Missiles
 j - a throwing net (quivered)
Armour
 b - a +0 scale mail (worn)
 c - a +1 buckler (worn)
Jewellery
 o - an amulet of reflection (around neck)
 p - a +6 ring of intelligence (left hand)
 r - a +6 ring of intelligence (right hand)
Wands
 s - a wand of iceblast (3)
Scrolls
 g - 3 scrolls of fear
 i - 2 scrolls of teleportation
 k - a scroll of brand weapon
 m - a scroll of identify
Potions
 d - 2 potions of might
 e - 2 potions of curing
 f - 2 potions of heal wounds
 h - a potion of ambrosia
 l - a potion of flight {unknown}
 n - 2 potions of degeneration {unknown}
 q - a potion of attraction {unknown}
 t - a potion of mutation {unknown}
 u - a potion of lignification {unknown}
 v - 2 potions of invisibility {unknown}
 w - a potion of cancellation {unknown}


   Skills:
 + Level 5.3 Fighting
 + Level 4.2 Maces & Flails
 - Level 3.2 Armour
 - Level 3.2 Shields
 + Level 2.0 Evocations


You had 5 spell levels left.
You didn't know any spells.
Your spell library contained the following spells:

 Spells                   Type           Power      Damage    Failure   Level
 Ensorcelled Hibernation  Hex/Ice        0%         N/A       65%         2
 Spider Form              Tmut/Pois      0%         N/A       87%         3
 Anguish                  Hex/Necr       0%         N/A       99%         4


Dungeon Overview and Level Annotations

Branches:
Dungeon (4/15)             Temple (1/1) D:4

Altars:
Dithmenos
Gozag
Makhleb
Nemelex Xobeh
Okawaru
Ru
Trog
Uskayaw
Vehumet
Wu Jian
Zin

Shops:
D:4 [


Innate Abilities, Weirdness & Mutations

You are immune to sickness and miasma.
Your stone body is resilient. (AC +4)
You are immune to poison.
You resist negative energy. (rN+)
You are resistant to electric shocks. (rElec)
You are resistant to unholy torment.
You are immune to petrification.


Message History

The goblin hits you with a +0 club.
You closely miss the goblin. You block the gnoll's attack.
The gnoll barely misses you. The goblin barely misses you.
You hit the goblin. You freeze the goblin.
You kill the goblin!
Vehumet accepts your kill.
You hear the brisk rusting of a very distant drain.
You block the gnoll's attack. x2
A gnoll bouda comes into view. It is wielding a +0 whip.
The ogre shouts!
The gnoll bouda shouts!
You hear an angry hiss.
You block the gnoll's attack. x2
Things that are here:
a +0 club; a goblin corpse
Aiming: Iceblast
Press: ? - help, Shift-Dir - straight line, f - gnoll
Aim: a gnoll, wielding a +0 spear The mass of ice explodes!
The iceblast engulfs the gnoll!!
You kill the gnoll!
Vehumet accepts your kill.
The iceblast engulfs the ogre!
The ogre is heavily wounded.
The iceblast engulfs the gnoll!
You kill the gnoll!
Vehumet accepts your kill.
The iceblast engulfs the gnoll bouda!
The gnoll bouda is moderately wounded.
You hear a shout! x2
An orc comes into view. It is wielding a +0 short sword.
Your Evocations skill increases to level 2!
You barely miss the gnoll bouda.
The gnoll bouda is moderately wounded.
The orc shouts!
The gnoll bouda barely misses you.
You hit the gnoll bouda. You freeze the gnoll bouda.
The gnoll bouda is heavily wounded.
The ogre hits you with a +0 giant club!!
Ouch! That really hurt!
* * * LOW HITPOINT WARNING * * *
The gnoll bouda hits you with a +0 whip!
You die...

.##########.#
##......###.#
..# ..
###.....#.)..#
..# ##
.....#...#.###
..#
#####...#..#.#
<.#
#...........#.(
#...#
.###........###
###.#
#§§.#.#####
.....#
##O§.......#
####..#
#@g)......#. .
..#
#§#.o.#..#.# #.
#§.#.#...#?##
##
#§##....#...O
#. #g.g...###
.. #..#.... ###
#.....#. ... ..


You could see an ogre, a gnoll bouda and an orc.

Vanquished Creatures
  Blork the orc (D:4)
  An iguana (D:4)
  Natasha (D:3)
  3 gnolls (D:4)
  4 adders
  An ufetubus (D:4)
  2 dart slugs (D:1)
  2 orcs
  6 ball pythons
  8 bats
  8 endoplasms
  2 giant cockroaches (D:3)
  7 goblins
  2 hobgoblins
  5 quokkas
  5 frilled lizards
  7 kobolds
  9 rats
74 creatures vanquished.

Notes
Turn   | Place    | Note
-------+----------+-------------------------------------------
     0 | D:1      | Ijustatesigmund the Gargoyle Fighter began the quest for
                  | the Orb.
     0 | D:1      | Reached XP level 1. HP: 14/14 MP: 1/1
   155 | D:1      | Reached XP level 2. HP: 8/19 MP: 2/2
   640 | D:1      | Reached XP level 3. HP: 24/24 MP: 3/3
   663 | D:1      | Reached skill level 4 in Fighting
  1279 | D:2      | Found a faded altar of an unknown god.
  2107 | D:3      | Reached XP level 4. HP: 30/30 MP: 4/4
  2197 | D:3      | Found a shadowy altar of Dithmenos.
  2453 | D:3      | Noticed Natasha
  2461 | D:3      | Killed Natasha
  2462 | D:3      | Reached XP level 5. HP: 33/34 MP: 5/5
  2501 | D:4      | Noticed Blork the orc
  2511 | D:4      | Killed Blork the orc
  2512 | D:4      | Reached skill level 5 in Fighting
  2512 | D:4      | Reached skill level 1 in Evocations
  2513 | D:4      | Found a staircase to the Ecumenical Temple.
  2524 | Temple   | Entered the Ecumenical Temple
  2700 | Temple   | Became a worshipper of Vehumet
  2754 | D:4      | Found Xem Umea's Armour Shop.
  2762 | D:4      | Reached XP level 6. HP: 30/40 MP: 6/6
  2912 | D:4      | Mangled by a gnoll bouda

Illustrated notes

Levels and vault maps discovered:
D:1:      denvon_arrival_planthouse, layout_basic, chequers_mini_garden,
          minmay_pentomino_u2
D:2:      layout_basic, chequers_ecumenical_altar_simple
D:3:      layout_basic, nicolae_dithmenos_shadow_blocks, uniq_natasha
D:4:      layout_rooms, minmay_temple_entry_gardened_gates, serial_shops, shop,
          portal_sewer_entry_b, minmay_increasing_density, uniq_blork_the_orc
Temple:   compressed_dpeg_circular_temple

Skill      XL: |  1  2  3  4  5  6 |
---------------+-------------------+-----
Fighting       | 4 5 |  5.3
Maces & Flails | 3 4 |  4.2
Evocations     | 1 2 |  2.0
Armour         | |  3.2
Shields        | |  3.2

Action                     |  1- 3 |  4- 6 || total
---------------------------+-------+-------++-------
  Melee: Flail             |   142 |   101 ||   243
  Evoke: Wand              |       |     1 ||     1
    Use: Scroll            |     3 |     5 ||     8
 Armour: Scale mail        |    83 |    50 ||   133
  Dodge: Dodged            |    79 |    41 ||   120
  Block: Buckler           |    33 |    68 ||   101
         Reflection        |       |     2 ||     2
